 Dungeon Crawl Stone Soup version 0.30.1-9-gdf580d7c3d (webtiles) character file.

Game seed: 14132138373166491308

128 leafyfresh the Trooper (level 4, -1/45 HPs)
             Began as a Minotaur Delver on Oct 26, 2023.
             Killed from afar by a white imp (6 damage)
             ... with a puff of frost
             ... on level 5 of the Dungeon.
             The game lasted 00:01:03 (604 turns).

leafyfresh the Trooper (Minotaur Delver)             Turns: 604, Time: 00:01:04

Health: -1/45      AC:  3    Str: 19    XL:     4   Next: 87%
Magic:  3/3        EV: 11    Int:  7    God:
Gold:   37         SH:  0    Dex: 11    Spells: 3/3 levels left

rFire   . . .        a - +0 short sword
rCold   . . .        (no shield)
rNeg    . . .        b - +0 leather armour
rPois   .            (helmet restricted)
rElec   .            (no cloak)
rCorr   .            (no gloves)
SInv    .            (no boots)
Will    .....        (no amulet)
Stlth   ++           (no ring)
HPRegen 0.27/turn    (no ring)
MPRegen 0.08/turn

%: no passive effects
@: no status effects
A: horns 2, retaliatory headbutt
a: no special abilities


You were on level 5 of the Dungeon.
You visited 2 branches of the dungeon, and saw 2 of its levels.

You collected 37 gold pieces.

Inventory:

Hand Weapons
 a - a +0 short sword (weapon)
Armour
 b - a +0 leather armour (worn)
Wands
 g - a wand of digging (3)
Scrolls
 c - a scroll of fog
 d - a scroll of magic mapping
 e - a scroll of fear
 i - a scroll of teleportation {unknown}
 j - a scroll of noise {unknown}
Potions
 f - a potion of haste
 h - a potion of heal wounds {unknown}


   Skills:
 + Level 6.8 Fighting
 - Level 2.1 Short Blades
 - Level 2.1 Dodging
 - Level 4.1 Stealth


You had 3 spell levels left.
You didn't know any spells.
Your spell library was empty.

Dungeon Overview and Level Annotations

Branches:
Dungeon (5/15)             Temple (1/1) D:5

Altars:
Ashenzari
Dithmenos
Gozag
Hepliaklqana
Kikubaaqudgha
Nemelex Xobeh
Sif Muna
Uskayaw
Yredelemnul


Innate Abilities, Weirdness & Mutations

You have a pair of horns on your head.
You reflexively headbutt those who attack you in melee.


Message History

An orc comes into view. It is wielding a +0 flail.
You hit the centaur.
The centaur is heavily wounded.
The centaur closely misses you.
The centaur kicks you but does no damage.
The orc hits you with a +0 flail.
The white imp hits you but does no damage.
The centaur completely misses you. The centaur barely misses you.
You hit the centaur but do no damage.
The centaur is moderately wounded.
The centaur hits you but does no damage.
The centaur kicks you. The orc hits you with a +0 flail!
The white imp hits you but does no damage.
You hit the centaur but do no damage.
The centaur is moderately wounded.
The centaur hits you.
* * * LOW HITPOINT WARNING * * *
The centaur closely misses you. The orc completely misses you.
The white imp hits you.
* * * LOW HITPOINT WARNING * * *
The white imp freezes you.
* * * LOW HITPOINT WARNING * * *
The centaur barely misses you. The centaur kicks you.
* * * LOW HITPOINT WARNING * * *
You barely miss the centaur.
The centaur is moderately wounded.
The centaur barely misses you. You furiously retaliate!
You headbutt the centaur!
The centaur kicks you but does no damage.
The orc barely misses you.
The white imp hits you but does no damage.
You hit the centaur but do no damage.
The centaur is almost dead.
The centaur closely misses you.
The centaur kicks you but does no damage.
A dart slug comes into view.
The orc misses you. The white imp gestures at you. The puff of frost hits you.
You die...

########## #...
#........# #...
#.######.# #...##
#.#....... ....
#.##.#.####.# #...
#...........#
##+#$#.###########..####
#...w...................
..##c@.###########.##.
#.o5# #........ #.#o#
#.######( #.#o#
#.######. #.#.<
#......#. ..#...
######.#. ####.. ##.#.
... #...< #....


You could see a centaur, a white imp, a dart slug and 3 orcs.

Vanquished Creatures
  A phantom (D:5)
  A hound (D:5)
  2 adders (D:5)
  An orc (D:5)
  4 jackals (D:5)
9 creatures vanquished.

Notes
Turn   | Place    | Note
-------+----------+-------------------------------------------
     0 | D:5      | leafyfresh the Minotaur Delver began the quest for the Orb.
     0 | D:5      | Reached XP level 1. HP: 19/19 MP: 0/0
    20 | D:5      | Reached skill level 4 in Fighting
    65 | D:5      | Found a staircase to the Ecumenical Temple.
    75 | Temple   | Entered the Ecumenical Temple
   133 | D:5      | Reached XP level 2. HP: 28/28 MP: 1/1
   140 | D:5      | Reached skill level 5 in Fighting
   181 | D:5      | Reached XP level 3. HP: 32/37 MP: 2/2
   235 | D:5      | Noticed a phantom
   254 | D:5      | Killed a phantom
   255 | D:5      | Reached skill level 6 in Fighting
   255 | D:5      | Reached XP level 4. HP: 7/45 MP: 3/3
   593 | D:5      | Noticed a centaur
   604 | D:5      | Killed from afar by a white imp

Illustrated notes

Levels and vault maps discovered:
D:5:      layout_basic, marbit_many_paths, minmay_temple_entry_waves,
          hangedman_decor_slide_cut, minmay_stone_trees_small
Temple:   nicolae_temple_cloud_nine

Skill      XL: |  1  2  3 |
---------------+----------+-----
Fighting       | 4 5 6 |  6.8
Short Blades   | |  2.1
Dodging        | |  2.1
Stealth        | |  4.1

Action                     |  1- 3 |  4- 6 || total
---------------------------+-------+-------++-------
  Melee: Short sword       |    43 |     8 ||    51
         Headbutt          |     5 |     1 ||     6
 Armour: Leather armour    |    16 |     8 ||    24
  Dodge: Dodged            |    34 |    16 ||    50
